nht, neutral male human Tourist ---- ------- .. |>....| --+--.- --....|--- ..|-.| ---..|..---- ---|-..--- --%-.....-+--........--+- -......--................| ......I-|..--------|--..-- ...{.(I)---|.[.......|..-- -.....I.| |%......*.|...| ...|....|-------------...| ..---...-|..(.| |.......- .....|-...-.((.| |.------ -%..|...-|.(.(| |.|...-. |.....%..|------ |.|...|----- ...|....|------ |.--|-|..%.| ..|...--.....---.....-..-|| --.....----.....{..|..|(| ------- --------------- nht the Excursionist Experience level: 6 Strength: 10 Dexterity: 13 Constitution: 14 Intelligence: 11 Wisdom: 9 Charisma: 18 Health: 0(47) Energy: 18(18) Def: 0 Gold: 983 Moves: 934 Dungeon seed: G5kc6kl0JbZRmCKn Game ID: nht_1465279418 Your Inventory: Coins $ - 983 gold pieces Weapons a - 35 +2 darts (in quiver) e - a +1 dwarvish mattock O - 9 +0 darts Armor r - a cursed -1 dwarvish iron helm E - an uncursed +0 Hawaiian shirt (being worn) Comestibles b - an uncursed slime mold d - an uncursed fortune cookie f - an uncursed orange g - an uncursed egg h - 2 uncursed carrots i - 3 uncursed food rations Scrolls k - an uncursed scroll of enchant armor l - an uncursed scroll of magic mapping q - an uncursed scroll of confuse monster y - a blessed scroll of light D - 2 uncursed scrolls of scare monster H - an uncursed scroll of blank paper P - 2 uncursed scrolls of identify Spellbooks u - a blessed spellbook of force bolt w - an uncursed spellbook of extra healing Potions j - an uncursed potion of extra healing M - an uncursed potion of invisibility U - an uncursed potion of speed W - an uncursed potion of levitation X - an uncursed potion of gain ability Rings c - a cursed ring of hunger Wands o - a wand of secret door detection (0:11) s - a wand of light (0:14) J - a blessed wand of speed monster (0:2) S - a wand of sleep (0:2) Tools m - an expensive camera (0:79) p - an uncursed towel t - an uncursed blindfold v - an uncursed skeleton key x - 6 blessed wax candles (0:400) G - an uncursed magic whistle K - an uncursed credit card L - an uncursed leather drum Q - a blessed can of grease (0:6) Gems n - 3 uncursed worthless pieces of yellow glass I - 2 uncursed worthless pieces of white glass Y - 2 uncursed worthless pieces of violet glass Spells and supernatural/magical abilities: Name Level Category Fail Memory W - pray for help -- divine ? -- Your skills at the end: Miscellaneous Skills wands [Basic] Weapon Skills dart [Skilled] Spellcasting Skills Final Attributes: You were devoutly aligned. You were blinded. You saw invisible. You were fast. You are dead. Vanquished creatures: a dwarf lord 5 gnome lords 3 gnomish wizards 7 dwarves a hobbit 24 gnomes 2 jackals a newt a goblin 2 grid bugs a lichen 48 creatures vanquished. Voluntary challenges: You followed a strict vegan diet. You did not adorn yourself with jewelry or accessories. You were an atheist. You used a wielded weapon 1 time, starting on turn 753. You did not apply a unicorn horn. You read items or engraved 12 times, starting on turn 2. You never genocided any monsters. You never polymorphed an object. You never changed form. You used no wishes. You never split a pudding. You wrote Elbereth's name 3 times, starting on turn 512. You never violated your personal moral code. You disabled loading bones files. Dungeon overview: The Dungeons of Doom: levels 1 to 5 Level 1 some fountains a long staircase Level 2 (potions) a potion shop, a fountain Level 3 some fountains stairs to The Gnomish Mines Level 4 Level 5 The Gnomish Mines: levels 4 to 8 Level 4 stairs to The Dungeons of Doom Level 5 Level 6 Level 7 <- You were here some shops, some fountains Level 8 History has recorded: On T:1 you entered the Dungeons of Doom to retrieve the Amulet of Yendor! On T:26 you reached level 2 of The Dungeons of Doom. On T:48 you reached level 3 of The Dungeons of Doom. On T:272 you reached level 4 of The Dungeons of Doom. On T:294 you reached level 5 of The Dungeons of Doom. On T:393 you reached level 1 of The Gnomish Mines. On T:416 you advanced to experience level 2. On T:447 you advanced to experience level 3. On T:464 you advanced to experience level 4. On T:513 you reached level 2 of The Gnomish Mines. On T:558 you advanced to experience level 5. On T:655 you reached level 3 of The Gnomish Mines. On T:790 you advanced to experience level 6. On T:885 you reached level 5 of The Gnomish Mines. Score breakdown: Gold: 87 ( 8 points) Experience: 6 levels ( 500 points) Exploration: 8 levels ( 210 points) Discoveries: 12 items ( 600 points) Variety of kills: 11 monsters ( 550 points) Major goal: (nothing yet) ( 0 points) Survival: died (score multiplied by 3) Total score: 5604 Latest messages: You throw 2 darts. The 1st dart hits the dwarf! The 2nd dart hits something. You kill the dwarf! The gnome picks up 3 +2 darts. You kill the gnome! a - 4 +2 darts (in quiver). You have a little trouble lifting V - an emerald potion. There are several more objects here. Your movements are slowed slightly because of your load. Your feet are frozen to the floor! Your movements are now unencumbered. The raven pecks! The raven blinds you! Something pecks! (2x) Something punches you! Something pecks! (4x) Something punches you! Something pecks! (2x) Something punches you! Something pecks! (2x) You die... Final status: Aloha nht the Tourist, killed by a raven, while frozen by a potion... You died in The Gnomish Mines on dungeon level 7 with 5604 points, and 983 pieces of gold, after 934 moves. You were level 6 with a maximum of 47 hit points when you died.